 Dungeon Crawl Stone Soup version 0.24.0-13-gcf9b3192b9 (webtiles) character file.

Game seed: 4370247216273996730, levelgen mode: deterministic

385734 syranez the Warrior (level 22, -3/147 HPs)
             Began as a Gargoyle Fighter on Nov 4, 2019.
             Was the Champion of Ru.
             Killed from afar by a frost giant (illusionary) (30 damage)
             ... with a bolt of cold
             ... on level 1 of the Depths on Nov 7, 2019.
             The game lasted 03:21:48 (73274 turns).

syranez the Warrior (Gargoyle Fighter)             Turns: 73274, Time: 03:21:48

Health: -3/147     AC: 48    Str: 25    XL:     22   Next: 99%
Magic:  22/22      EV: 11    Int: 21    God:    Ru [******]
Gold:   3236       SH: 14    Dex: 10    Spells: 21/21 levels left

rFire    + . .     SeeInvis .   a - +5 broad axe "Qiuttebina" {drain, rF++}
rCold    . . .     Gourm    .   c - +0 shield {reflect}
rNeg     + + .     Faith    .   X - +13 plate armour of Egalitarianism {MR+}
rPois    ∞         Spirit   .   i - +2 hat {MR+}
rElec    +         Reflect  +   T - scarf {cloud immunity}
rCorr    .         Harm     .   J - +0 pair of gloves of Xeuwiorph {*Drain Str+4 Dex+2}
MR       ++++.                  t - +0 pair of boots
Stlth    ++........             v - amulet of regeneration
HPRegen  0.74/turn              U - ring of Prescription {rC+ Int+4 Stlth+}
MPRegen  0.18/turn              W - ring of Hedonism {rN+ MR+ Int+3 Dex-3}

@: flying, studying Shields
A: big wings, deformed body, negative energy resistance 1, electricity
resistance, weak 1, unbreathing, petrification resistance, rot immunity, subdued
magic 1, hated by all, no charms magic, no hexes magic, no poison magic,
unskilled 1, temperature sensitive, AC +16
}: 2/15 runes: decaying, serpentine
a: Stop Flying, Draw Out Power, Power Leap, Apocalypse, Renounce Religion


You were on level 1 of the Depths.
You worshipped Ru.
Ru was exalted by your worship.
You were not hungry.

You visited 9 branches of the dungeon, and saw 40 of its levels.
You also visited: Ice Cave.

You collected 4741 gold pieces.
You spent 1505 gold pieces at shops.

Inventory:

Hand Weapons
 a - the +5 broad axe "Qiuttebina" (weapon) {drain, rF++}
   (You took it off a human on level 13 of the Dungeon)

   A truly terrible weapon, it drains the life of those it strikes.
   It greatly protects you from fire.
Missiles
 e - 50 boomerangs (quivered)
 r - 9 datura-tipped darts
Armour
 c - a +0 shield of reflection (worn)
 i - a +2 hat of magic resistance (worn)
 t - a +0 pair of boots (worn)
 J - the +0 pair of gloves of Xeuwiorph (worn) {*Drain Str+4 Dex+2}
   (You bought it in a shop on level 2 of the Orcish Mines)

   It affects your strength (+4).
   It affects your dexterity (+2).
   It causes draining when unequipped.
 T - a scarf of cloud immunity (worn)
 X - the +13 plate armour of Egalitarianism (worn) {MR+}
   (You found it on level 3 of the Elven Halls)

   It affects your resistance to hostile enchantments.
Jewellery
 m - an uncursed ring of see invisible
 p - a cursed ring of teleportation {unknown}
 v - an amulet of regeneration (around neck)
 y - an uncursed ring of stealth
 z - an uncursed ring of fire
 A - an uncursed ring of protection from fire
 I - an uncursed amulet of guardian spirit
 Q - a +5 ring of dexterity
 U - the ring of Prescription (left hand) {rC+ Int+4 Stlth+}
   (You found it on level 3 of the Elven Halls)

   [ring of stealth]

   It affects your intelligence (+4).
   It protects you from cold.
   It makes you more stealthy.
 W - the ring of Hedonism (right hand) {rN+ MR+ Int+3 Dex-3}
   (You bought it in a shop on level 2 of the Orcish Mines)

   [ring of dexterity]

   It affects your intelligence (+3).
   It affects your dexterity (-3).
   It protects you from negative energy.
   It affects your resistance to hostile enchantments.
Wands
 j - a wand of iceblast (27)
 E - a wand of polymorph (59)
 G - a wand of digging (4)
 M - a wand of paralysis (7)
 O - a wand of flame (77)
 S - a wand of clouds (4)
 V - a wand of random effects (37)
Scrolls
 b - a scroll of identify
 d - a scroll of torment
 g - a scroll of blinking
 k - 16 scrolls of teleportation
 n - 4 scrolls of fog
 s - 16 scrolls of remove curse
 w - 13 scrolls of magic mapping
 D - 8 scrolls of fear
 F - a scroll of holy word
Potions
 h - 18 potions of curing
 l - a potion of resistance
 o - a potion of ambrosia
 q - 2 potions of cancellation
 u - 6 potions of brilliance
 x - 6 potions of heal wounds
 B - 4 potions of invisibility
 C - a potion of berserk rage
 H - 6 potions of haste
 L - 3 potions of agility
 N - 5 potions of lignification
 P - 5 potions of might
Books
 Y - a manual of Shields
Miscellaneous
 K - 4 phantom mirrors
 R - a lightning rod (4/4)
 Z - a lamp of fire
Comestibles
 f - 56 rations


   Skills:
 + Level 18.1 Fighting
 - Level 18.0 Axes
 + Level 4.8 Throwing
 + Level 18.1 Armour
 + Level 9.1 Dodging
 + Level 12.5 Stealth
 - Level 15.0 Shields


You had 21 spell levels left.
You didn't know any spells.
Your spell library contained the following spells:

 Spells                   Type           Power        Failure   Level  Hunger
 Flame Tongue             Conj/Fire      #....        67%         1    ##.....
 Freeze                   Ice            #...         67%         1    ##.....
 Magic Dart               Conj           #...         67%         1    ##.....
 Shock                    Conj/Air       #...         67%         1    ##.....
 Blink                    Tloc           N/A          82%         2    ###....
 Corpse Rot               Necr           N/A          82%         2    ###....
 Searing Ray              Conj           #.....       82%         2    ###....
 Throw Frost              Conj/Ice       #.....       82%         2    ###....
 Conjure Flame            Conj/Fire      #.......     96%         3    ####...
 Gell's Gravitas          Tloc           #.........   96%         3    ####...
 Static Discharge         Conj/Air       #.......     96%         3    ####...
 Airstrike                Air            #.........   100%        4    #####..
 Force Lance              Conj/Tloc      #.......     100%        4    #####..
 Ice Form                 Ice/Tmut       #.......     100%        4    #####..
 Iskenderun's Mystic Bla  Conj           #.......     100%        4    #####..
 Petrify                  Tmut/Erth      #.......     100%        4    #####..
 Borgnjor's Vile Clutch   Necr/Erth      #.........   100%        5    ######.
 Irradiate                Conj/Tmut      #.........   100%        5    ######.
 Lightning Bolt           Conj/Air       #.........   100%        5    ######.
 Bolt of Cold             Conj/Ice       #.........   100%        6    #######
 Conjure Ball Lightning   Conj/Air       #.........   100%        6    #######
 Freezing Cloud           Conj/Ice/Air   #.........   100%        6    #######
 Hydra Form               Tmut           #.........   100%        6    #######
 Ozocubu's Refrigeration  Ice            #.........   100%        6    #######
 Dragon Form              Tmut           #.........   100%        7    #######
 Confusing Touch          Hex            Unusable     N/A         1    N/A
 Corona                   Hex            Unusable     N/A         1    N/A
 Infusion                 Chrm           Unusable     N/A         1    N/A
 Sting                    Conj/Pois      Unusable     N/A         1    N/A
 Call Imp                 Summ           Unusable     N/A         2    N/A
 Ensorcelled Hibernation  Hex/Ice        Unusable     N/A         2    N/A
 Shroud of Golubria       Chrm/Tloc      Unusable     N/A         2    N/A
 Slow                     Hex            Unusable     N/A         2    N/A
 Song of Slaying          Chrm           Unusable     N/A         2    N/A
 Sublimation of Blood     Necr           Unusable     N/A         2    N/A
 Swiftness                Chrm/Air       Unusable     N/A         2    N/A
 Confuse                  Hex            Unusable     N/A         3    N/A
 Dazzling Spray           Conj/Hex       Unusable     N/A         3    N/A
 Ignite Poison            Fire/Tmut/Pois Unusable     N/A         3    N/A
 Inner Flame              Hex/Fire       Unusable     N/A         3    N/A
 Mephitic Cloud           Conj/Pois/Air  Unusable     N/A         3    N/A
 Portal Projectile        Hex/Tloc       Unusable     N/A         3    N/A
 Recall                   Summ/Tloc      Unusable     N/A         3    N/A
 Animate Dead             Necr           Unusable     N/A         4    N/A
 Cause Fear               Hex            Unusable     N/A         4    N/A
 Fulminant Prism          Conj/Hex       Unusable     N/A         4    N/A
 Leda's Liquefaction      Hex/Erth       Unusable     N/A         4    N/A
 Alistair's Intoxication  Tmut/Pois      Unusable     N/A         5    N/A
 Iskenderun's Battlesphe  Conj/Chrm      Unusable     N/A         5    N/A
 Metabolic Englaciation   Hex/Ice        Unusable     N/A         5    N/A
 Yara's Violent Unravell  Hex/Tmut       Unusable     N/A         5    N/A
 Death Channel            Necr           Unusable     N/A         6    N/A
 Deflect Missiles         Chrm/Air       Unusable     N/A         6    N/A
 Simulacrum               Ice/Necr       Unusable     N/A         6    N/A
 Statue Form              Tmut/Erth      Unusable     N/A         6    N/A

Dungeon Overview and Level Annotations

Branches:
Dungeon (15/15)            Temple (1/1) D:4            Lair (6/6) D:8
  Swamp (4/4) Lair:4        Snake (4/4) Lair:4        Slime (0/5) Lair:5
    Orc (2/2) D:10            Elf (3/3) Orc:2        Vaults (4/5) D:13
  Crypt (0/3) Vaults:3     Depths (1/5) D:15          IceCv (visited)

Altars:
Ashenzari
Cheibriados
Dithmenos
Elyvilon
Fedhas
Gozag
Hepliaklqana
Kikubaaqudgha
Makhleb
Nemelex Xobeh
Okawaru
Qazlal
Ru
Sif Muna
Trog
Uskayaw
Vehumet
Wu Jian
Xom
Yredelemnul
Zin
The Shining One
Beogh
Jiyva

Shops:
D:6 *   D:8 ??   D:10 :(=   Orc:1 ?   Orc:2 [%%=   Elf:1 }((%   Vaults:1 (
Vaults:2 (

Annotations:
D:3 1 runed translucent door, Crazy Yiuf
D:9 exclusion: orange crystal statue
D:15 1 runed translucent door, Yakesh's ghost, journeyman MiFi
Lair:3 2 transporters, Huasawuy's ghost, journeyman TrWz
Lair:5 1 runed translucent door
Elf:2 3 runed translucent doors


Innate Abilities, Weirdness & Mutations

You are resistant to torment.
Your stone body is resilient. (AC +16)
You are immune to poison.
Your large and strong wings let you fly indefinitely.
You resist negative energy. (rN+)
You are resistant to electric shocks. (rElec)
You can survive without breathing.
You are immune to petrification.
You are immune to rotting.
You are hated by all.
You cannot study or cast Charms magic.
You cannot study or cast Hexes magic.
You cannot study or cast Poison magic.
You are somewhat unskilled. (-1 Apt)
You are sensitive to extremes of temperature. (rF-, rC-)
Armour fits poorly on your strangely shaped body.
You are weak. (Str -2)
Your spells are a little easier to cast, but a little less powerful.


Message History

The frost giant shouts!
The frost giant begins to cast a spell, but is stunned by your will!
The frost giant begins to cast a spell, but is stunned by your will!
The frost giant gestures at you while chanting.
The bolt of cold hits you!!
The frost giant points at you and mumbles some strange words.
The bolt of cold hits you!!!
* * * LOW HITPOINT WARNING * * *
You focus your will and slow the frost giant in retribution!
You see here a ring mail.
You feel much better.
The frost giant points at you and mumbles some strange words.
The bolt of cold hits you!!
* * * LOW HITPOINT WARNING * * *
There is a staircase back to the Dungeon here.
You see here 2 large rocks.
You feel much better.
The rakshasa blinks!
The frost giant points at you and mumbles some strange words.
The bolt of cold hits you!!
You die...

..## #........#........#
...###........#.)......#
.......................#
............#.....######
.(........##C.....#
...†.....#.#......# #
#.....C##.#.......##### ..
(#....#.##.C...[..)...#.#.
#.####.#.#......@.[.......
.##..##.#.........).....#.
##....##..§...........#.#
..[C..[.......###.......#
..........(...# #.......#
##....##......# ###...#...
.##..##.#.....# ...#.#.
#.#### # #....# #... #
.#.. ....# ###.


You could see 2 frost giants.

Vanquished Creatures
  Mennas (Vaults:2)
  Mara (Snake:4)
  Sojobo (Vaults:2)
  Saint Roka (Elf:2)
  Bai Suzhen (Elf:3)
  Nikola (Snake:3)
  A tentacled monstrosity (Swamp:3)
  Asterion (Vaults:2)
  3 deep elf blademasters (Elf:3)
  A sphinx (Vaults:4)
  Gastronok (D:11)
  A thorn hunter (Swamp:1)
  Agnes (Snake:3)
  Kirke (D:12)
  Roxanne (Elf:2)
  3 tengu reavers
  8 nagarajas
  11 deep elf sorcerers
  10 vault wardens
  Aizul (Snake:1)
  Louise (Swamp:4)
  2 orc warlords
  2 angels (Elf:2)
  6 deep elf elementalists
  13 ironheart preservers
  An entropy weaver (Vaults:3)
  7 stone giants
  Azrael (Orc:2)
  8 deep elf annihilators
  8 deep elf demonologists
  Snorg (D:10)
  An ettin (Orc:2)
  12 deep elf death magi
  9 yaktaur captains
  3 great orbs of eyes
  3 fire dragons
  3 jiangshi (Depths:1)
  3 rakshasas
  Erolcha (D:12)
  5 deep elf high priests (Elf:3)
  14 naga warriors
  An ice dragon (Vaults:2)
  11 vault guards
  18 hydras
  3 ghost crabs
  A shambling mangrove (Swamp:4)
  12 centaur warriors
  A spriggan air mage (Depths:1)
  11 alligators
  10 anacondas
  2 tengu warriors (D:15)
  8 dancing weapons
  4 death knights
  33 two-headed ogres
  A deep troll earth mage (Vaults:2)
  2 spriggan berserkers (D:15)
  3 death yaks
  7 ogre magi
  6 orc high priests
  7 naga sharpshooters
  2 deep troll shamans (Vaults:2)
  A vampire mage (Depths:1)
  9 shock serpents
  13 deep elf knights
  Sonja (Lair:1)
  Nergalle (D:11)
  2 shadow wraiths
  3 spriggan druids
  6 deep trolls
  2 unseen horrors
  A glowing orange brain (Vaults:2)
  4 sea snakes (Snake:3)
  12 swamp dragons
  4 wizards
  4 naga ritualists
  A harpy (shapeshifter) (Vaults:3)
  12 deep elf archers
  12 ironbrand convokers
  Pikel (D:4)
  A phantasmal warrior (Vaults:4)
  14 orc knights
  3 harpies (Vaults:3)
  A mana viper (shapeshifter) (Vaults:3)
  3 lindwurms
  42 deep elf magi
  A necromancer (IceCv)
  4 cyclopes
  13 mana vipers
  4 orc sorcerers
  A manticore (D:7)
  25 ugly things
  4 wolf spiders
  6 salamanders
  12 elephants
  3 guardian serpents
  18 naga magi
  7 vault sentinels
  36 black mambas
  An ice statue (IceCv)
  Joseph (Lair:1)
  32 spiny frogs
  2 torpor snails
  2 gargoyles
  18 freezing wraiths
  A rime drake (Lair:4)
  2 kobold demonologists (D:12)
  4 efreet
  26 yaktaurs
  A yaktaur (shapeshifter) (Depths:1)
  A polar bear (Lair:3)
  A troll (shapeshifter) (Vaults:3)
  9 komodo dragons
  A queen bee (D:13)
  15 trolls
  12 hornets
  3 meliai (D:13)
  A polar bear (shapeshifter) (D:14)
  12 tyrant leeches
  13 slime creatures
  34 blink frogs
  A wind drake (Lair:6)
  Grinder (D:6)
  11 hippogriffs
  4 dream sheep (Lair:3)
  2 air elementals (Elf:1)
  A hippogriff (shapeshifter) (Vaults:3)
  6 bog bodies
  A human simulacrum (Vaults:2)
  A centaur simulacrum (D:14)
  6 spriggans
  3 shadows
  73 yaks
  5 wyverns
  A water elemental (Elf:3)
  5 wraiths
  A tarantella (shapeshifter) (Vaults:1)
  6 basilisks
  A death yak simulacrum (IceCv)
  3 fire elementals
  7 hogs
  8 humans (D:13)
  2 humans (shapeshifter)
  A basilisk (shapeshifter) (Vaults:3)
  Eustachio (D:4)
  A steam dragon (D:10)
  26 vampire mosquitoes
  2 hungry ghosts
  6 wargs
  9 insubstantial wisps (Swamp:2)
  65 nagas
  A soldier ant (D:14)
  15 swamp worms
  An acid dragon (Vaults:1)
  36 water moccasins
  4 hell hounds (Orc:2)
  A water moccasin (shapeshifter) (Vaults:2)
  5 porcupines
  14 swamp drakes
  An alligator simulacrum (IceCv)
  14 ice beasts
  51 orc warriors
  A hornet zombie (D:14)
  3 sky beasts
  A slave (D:4)
  2 black bears
  27 ogres
  3 phantoms
  6 centaurs
  An ettin simulacrum (Vaults:1)
  5 boggarts (Vaults:1)
  5 wolves (Lair:2)
  12 crocodiles
  A big kobold (D:8)
  3 earth elementals
  A gnoll sergeant (D:7)
  2 wyvern zombies
  32 bullfrogs
  5 scorpions
  48 killer bees
  3 electric eels
  4 crimson imps
  6 howler monkeys
  2 bullfrog zombies
  6 draconian simulacra (IceCv)
  A quasit (D:9)
  4 centaur zombies
  6 hounds
  4 centaur skeletons
  41 orc priests
  2 jellies
  20 orc wizards
  4 bullfrog skeletons
  5 iguanas
  Natasha (thrice) (D:2)
  4 troll simulacra (IceCv)
  9 worker ants
  A killer bee zombie (D:8)
  2 wolf simulacra (IceCv)
  2 hound zombies
  A hound skeleton (D:7)
  A howler monkey zombie (D:8)
  A worker ant zombie (D:11)
  10 gnolls
  2 howler monkey skeletons
  5 naga simulacra (IceCv)
  4 ogre simulacra (IceCv)
  30 adders
  6 shadow imps
  23 white imps
  An ufetubus (Vaults:1)
  2 oozes
  2 adder zombies
  4 worms
  A dart slug (D:1)
  4 leopard geckos
  131 orcs
  6 ball pythons
  10 giant cockroaches
  6 goblins
  7 hobgoblins
  16 jackals
  18 kobolds
  A quokka (D:2)
  5 bats
  6 frilled lizards
  A jackal zombie (D:5)
  A leopard gecko zombie (D:6)
  2 quokka skeletons
  7 rats
  7 briar patches (Swamp:1)
  4 fungi
  4 plants
1795 creatures vanquished.

Vanquished Creatures (others)
  2 deep elf master archers (Elf:3)
  Donald (Elf:2)
  A nagaraja (Snake:4)
  A deep elf sorcerer (Vaults:3)
  A ghoul (Vaults:4)
  2 ironheart preservers
  A deep elf high priest (Elf:3)
  A yaktaur captain (Vaults:1)
  6 hydras
  A centaur warrior (Vaults:1)
  An alligator (Swamp:1)
  A deep elf knight (Elf:2)
  A wizard (Vaults:1)
  3 deep elf archers
  A harpy (Vaults:3)
  3 mana vipers
  3 deep elf magi
  A wolf spider zombie (D:14)
  A cyclops (Vaults:2)
  A centaur zombie (D:14)
  A spiny frog (Swamp:3)
  4 yaktaurs
  A komodo dragon (D:13)
  A hornet (Vaults:4)
  A blink frog (Lair:2)
  An air elemental (Elf:2)
  A yak (Lair:3)
  A human (D:13)
  2 vampire mosquitoes
  A swamp worm (Swamp:2)
  A water moccasin (Lair:2)
  2 swamp drakes (Swamp:2)
  3 orc warriors
  A slave (D:4)
  3 crocodiles
  2 bullfrogs
  3 killer bees (D:14)
  An orc priest (Orc:2)
  A troll simulacrum (IceCv)
  A white imp (IceCv)
  2 orcs
  A ball python (Swamp:2)
  26 fungi
  48 plants
142 creatures vanquished.

Grand Total: 1937 creatures vanquished

Notes
Turn   | Place    | Note
-------+----------+-------------------------------------------
     0 | D:1      | syranez the Gargoyle Fighter began the quest for the Orb.
     0 | D:1      | Reached XP level 1. HP: 14/14 MP: 1/1
    56 | D:1      | Reached skill level 2 in Axes
    79 | D:1      | Reached XP level 2. HP: 19/19 MP: 2/2
   529 | D:1      | Reached XP level 3. HP: 23/23 MP: 3/3
   868 | D:2      | Noticed Natasha
   880 | D:2      | Killed Natasha
   880 | D:2      | Reached XP level 4. HP: 20/29 MP: 4/4
  1120 | D:2      | Noticed Natasha
  1124 | D:2      | Reached skill level 3 in Axes
  1133 | D:2      | Killed Natasha
  1133 | D:2      | Reached skill level 4 in Armour
  1133 | D:2      | Reached skill level 4 in Shields
  1368 | D:2      | Noticed Natasha
  1377 | D:2      | Killed Natasha
  1377 | D:2      | Reached skill level 4 in Fighting
  1377 | D:2      | Reached XP level 5. HP: 29/33 MP: 5/5
  2046 | D:2      | Reached XP level 6. HP: 33/38 MP: 6/6
  2668 | D:3      | Reached skill level 4 in Axes
  3531 | D:3      | Found a runed translucent door.
  3532 | D:3      | Noticed Crazy Yiuf
  3619 | D:4      | Noticed a phantom
  3666 | D:4      | Killed a phantom
  3839 | D:4      | Reached XP level 7. HP: 44/44 MP: 7/7
  3849 | D:4      | Found a staircase to the Ecumenical Temple.
  3862 | Temple   | Entered the Ecumenical Temple
  4163 | Temple   | Became a worshipper of Ru the Awakened
  4266 | D:4      | Noticed Eustachio
  4284 | D:4      | Killed Eustachio
  4284 | D:4      | Reached skill level 5 in Fighting
  4284 | D:4      | Reached skill level 5 in Armour
  4284 | D:4      | Reached skill level 5 in Shields
  4332 | D:4      | Noticed Pikel
  4358 | D:4      | Paralysed by Pikel for 6 turns
  4378 | D:4      | Paralysed by Pikel for 6 turns
  4391 | D:4      | Killed Pikel
  4391 | D:4      | Reached skill level 5 in Axes
  4391 | D:4      | Reached XP level 8. HP: 36/51 MP: 8/8
  5404 | D:5      | Entered Level 5 of the Dungeon
  5669 | D:5      | Reached skill level 6 in Axes
  5706 | D:5      | Reached skill level 6 in Shields
  5870 | D:5      | Reached skill level 6 in Fighting
  5870 | D:5      | Reached skill level 6 in Armour
  5969 | D:5      | Found a white marble altar of Elyvilon.
  5986 | D:5      | Gained mutation: You are hated by all. [Ru sacrifice]
  5986 | D:5      | Reached * piety under Ru
  6147 | D:5      | Upgraded the game from 0.24.0-10-g970556be89 to
                  | 0.24.0-13-gcf9b3192b9
  6413 | D:6      | Found Liusyeve's Assorted Antiques.
  6783 | D:6      | Reached XP level 9. HP: 56/56 MP: 9/9
  6980 | D:6      | Noticed Grinder
  6991 | D:6      | Killed Grinder
  6991 | D:6      | Reached skill level 7 in Axes
  7215 | D:7      | Found a burning altar of Makhleb.
  7215 | D:7      | Noticed a blizzard demon
  7215 | D:7      | Noticed a two-headed ogre
  7757 | D:7      | Noticed an orange demon
  7772 | D:7      | Noticed a manticore
  7779 | D:7      | Killed a manticore
  7779 | D:7      | Reached skill level 7 in Shields
  8095 | D:7      | Reached skill level 7 in Fighting
  8196 | D:7      | Found a shattered altar of Ashenzari.
  8269 | D:7      | Reached skill level 7 in Armour
  8414 | D:7      | Found a hazy altar of Hepliaklqana.
  8746 | D:8      | Reached skill level 8 in Axes
  8882 | D:8      | Found Kaellycua's Magic Scroll Emporium.
  8885 | D:8      | Bought 2 scrolls of teleportation for 90 gold pieces
  8885 | D:8      | Bought a scroll of fear for 52 gold pieces
  8978 | D:7      | Reached XP level 10. HP: 63/63 MP: 10/10
  9313 | D:8      | Noticed a two-headed ogre
  9329 | D:8      | Gained mutation: You are somewhat unskilled. (-1 Apt) [Ru
                  | sacrifice]
  9329 | D:8      | Reduced skill Fighting to level 6
  9329 | D:8      | Reduced skill Axes to level 7
  9329 | D:8      | Reduced skill Armour to level 6
  9329 | D:8      | Reduced skill Shields to level 6
  9329 | D:8      | Reached ** piety under Ru
  9329 | D:8      | Reached *** piety under Ru
  9336 | D:8      | Killed a two-headed ogre
  9336 | D:8      | Reached skill level 7 in Fighting
  9336 | D:8      | Reached skill level 7 in Armour
  9336 | D:8      | Reached skill level 7 in Shields
  9447 | D:8      | Reached skill level 8 in Axes
  9596 | D:8      | Found a shimmering altar of Xom.
  9804 | D:8      | Found a staircase to the Lair.
  9853 | D:8      | Noticed a death yak
  9853 | D:8      | Noticed a death yak
  9974 | D:7      | Killed a death yak
 10277 | D:8      | Found Teuptios's Magic Scroll Boutique.
 10289 | D:8      | Bought a scroll of fear for 38 gold pieces
 10684 | D:8      | Noticed a death yak
 10933 | D:7      | Killed a death yak
 11115 | D:8      | Killed a death yak
 11115 | D:8      | Reached skill level 8 in Fighting
 11115 | D:8      | Reached skill level 9 in Axes
 11115 | D:8      | Reached skill level 8 in Armour
 11115 | D:8      | Reached skill level 8 in Shields
 11115 | D:8      | Reached XP level 11. HP: 27/68 MP: 11/11
 11794 | D:9      | Found an opulent altar of Gozag.
 11931 | D:9      | Noticed an orange crystal statue
 12384 | D:9      | Gained mutation: You are sensitive to extremes of
                  | temperature. (rF-, rC-) [Ru sacrifice]
 12384 | D:9      | Reached **** piety under Ru
 12384 | D:9      | Reached ***** piety under Ru
 12505 | D:9      | Found a bloodstained altar of Trog.
 12735 | D:10     | Entered Level 10 of the Dungeon
 12981 | D:10     | Found Byhetohi's Antique Weapon Shop.
 13034 | D:10     | Found a staircase to the Orcish Mines.
 13486 | D:10     | Found Syenafy's Jewellery Boutique.
 13524 | D:10     | Bought an uncursed ring of see invisible for 150 gold
                  | pieces
 13924 | D:10     | Noticed an unseen horror
 14338 | D:10     | Reached skill level 10 in Axes
 14686 | D:10     | Found Ceuxiat's Book Boutique.
 14751 | D:10     | Reached skill level 9 in Shields
 14763 | D:10     | Reached skill level 9 in Armour
 14772 | D:10     | Reached skill level 9 in Fighting
 14992 | D:10     | Killed an unseen horror
 15148 | D:10     | Found a staircase to the Orcish Mines.
 15162 | D:10     | Found Byhetohi's Antique Weapon Shop.
 15297 | D:10     | Found Syenafy's Jewellery Boutique.
 15318 | D:10     | Found Ceuxiat's Book Boutique.
 15661 | Orc:1    | Entered Level 1 of the Orcish Mines
 15664 | Orc:2    | Entered Level 2 of the Orcish Mines
 15770 | D:11     | Reached XP level 12. HP: 74/76 MP: 12/12
 16171 | D:11     | Noticed Snorg
 16229 | Lair:1   | Entered Level 1 of the Lair of Beasts
 16229 | Lair:1   | Noticed Joseph
 16244 | Lair:1   | Killed Joseph
 16249 | Lair:1   | Gained mutation: You cannot study or cast Poison magic. [Ru
                  | sacrifice]
 16249 | Lair:1   | Gained mutation: You cannot study or cast Hexes magic. [Ru
                  | sacrifice]
 16249 | Lair:1   | Gained mutation: You cannot study or cast Charms magic. [Ru
                  | sacrifice]
 16249 | Lair:1   | Reached ****** piety under Ru
 16468 | Lair:1   | Noticed Sonja
 17058 | Lair:1   | Killed Sonja
 18749 | Lair:1   | Reached skill level 11 in Axes
 19631 | Lair:2   | Reached skill level 10 in Shields
 19879 | Lair:3   | Reached skill level 10 in Armour
 20012 | Lair:3   | Reached skill level 10 in Fighting
 20141 | Lair:3   | Noticed Huasawuy's ghost (journeyman TrWz)
 20141 | Lair:3   | Identified the +5 quarterstaff of Righteous Fury {speed,
                  | rPois}
 20141 | Lair:3   | Noticed a spriggan berserker
 20141 | Lair:3   | Identified the cursed +1 trident of Honour {antimagic, rF-
                  | MP+9 Int+4 Dex+6}
 20141 | Lair:3   | Noticed a spriggan rider
 20205 | Lair:3   | Found a bloodstained altar of Trog.
 20317 | Lair:3   | Reached XP level 13. HP: 82/82 MP: 13/13
 21124 | Lair:3   | Found a transporter.
 21126 | Lair:3   | Found a transporter.
 21804 | Lair:3   | Reached skill level 12 in Axes
 22544 | Lair:4   | Found a staircase to the Snake Pit.
 22803 | Lair:4   | Reached skill level 11 in Fighting
 22803 | Lair:4   | Reached skill level 11 in Armour
 22803 | Lair:4   | Reached skill level 11 in Shields
 22897 | Lair:4   | Found a staircase to the Swamp.
 23583 | Lair:5   | Gained mutation: Your large and strong wings let you fly
                  | indefinitely. [Gargoyle growth]
 23583 | Lair:5   | Reached XP level 14. HP: 90/90 MP: 14/14
 23908 | Lair:5   | Got a steaming battleaxe
 24161 | Lair:5   | Found a runed translucent door.
 24161 | Lair:5   | Found a viscous altar of Jiyva.
 24172 | Lair:5   | Found a staircase to the Slime Pits.
 24172 | Lair:5   | Noticed an azure jelly
 25160 | Lair:6   | Entered Level 6 of the Lair of Beasts
 25172 | Lair:6   | Reached skill level 13 in Axes
 26011 | Lair:6   | Got an ebony hunting sling
 26173 | Lair:6   | Noticed Nessos
 26174 | Lair:6   | Noticed Nessos
 26174 | Lair:6   | Nessos changed into Nessos the wind drake
 26184 | Lair:6   | Killed Nessos the wind drake
 27524 | Lair:6   | Got a bloodstained quick blade
 27630 | Lair:6   | Identified the +3 battleaxe of Buydoira {drain, Str+4
                  | Stlth+} (You found it on level 5 of the Lair of Beasts)
 28197 | D:10     | Killed Snorg
 28197 | D:10     | Reached skill level 12 in Fighting
 28248 | D:11     | Reached skill level 12 in Armour
 28248 | D:11     | Reached skill level 12 in Shields
 28308 | D:11     | Noticed Gastronok
 28345 | D:11     | Killed Gastronok
 28345 | D:11     | Reached XP level 15. HP: 75/96 MP: 11/15
 28469 | D:11     | Noticed Nergalle
 28504 | D:11     | Killed Nergalle
 29138 | D:12     | Noticed Erolcha
 29148 | D:12     | Killed Erolcha
 29148 | D:12     | Noticed Kirke
 29315 | D:12     | Killed Kirke
 29516 | D:12     | Identified the +4 hunting sling "Paqo" {freeze, Int+3} (You
                  | found it on level 6 of the Lair of Beasts)
 29951 | D:12     | Reached skill level 14 in Axes
 32248 | D:13     | Identified the +5 broad axe "Qiuttebina" {drain, rF++}
 32283 | D:13     | Found a gate to the Vaults.
 33062 | D:14     | Found a frozen archway.
 33308 | IceCv    | Entered an ice cave
 33950 | IceCv    | Found an ancient bone altar of Kikubaaqudgha.
 35216 | IceCv    | Identified the Grimoire of Cold
 35924 | D:14     | Reached XP level 16. HP: 95/103 MP: 13/16
 36064 | D:14     | Reached skill level 13 in Fighting
 36085 | D:14     | Noticed a tengu reaver
 36121 | D:14     | Killed a tengu reaver
 36121 | D:14     | Reached skill level 13 in Armour
 36222 | D:14     | Reached skill level 13 in Shields
 37160 | D:15     | Entered Level 15 of the Dungeon
 37411 | D:14     | Reached skill level 15 in Axes
 37579 | D:15     | Found a runed translucent door.
 37579 | D:15     | Noticed Yakesh's ghost (journeyman MiFi)
 38369 | D:15     | Found a staircase to the Depths.
 38587 | Orc:1    | Found Foilai's Magic Scroll Shoppe.
 39561 | Orc:2    | Found a roughly hewn altar of Beogh.
 39585 | Orc:2    | Found Suinuamna's Antique Armour Boutique.
 39867 | Orc:2    | Found Qacw's Food Shop.
 40325 | Orc:2    | Identified the +1 quick blade "Daliofa" {pierce, Str+3
                  | Int+3} (You found it on level 6 of the Lair of Beasts)
 40643 | Orc:2    | Found a staircase to the Elven Halls.
 40760 | Orc:2    | Noticed Azrael
 40780 | Orc:2    | Killed Azrael
 42131 | Orc:2    | Found Loguxt's Jewellery Boutique.
 42150 | Orc:2    | Found a roughly hewn altar of Beogh.
 42171 | Orc:2    | Found Guirreaf's Food Shop.
 42528 | Orc:2    | Bought a pair of translucent gloves for 304 gold pieces
 42535 | Orc:2    | Identified the +0 pair of gloves of Xeuwiorph {*Drain Str+4
                  | Dex+2} (You bought it in a shop on level 2 of the Orcish
                  | Mines)
 42591 | Orc:2    | Bought a +2 amulet of reflection for 82 gold pieces
 42673 | Orc:1    | Bought a scroll of fear for 49 gold pieces
 42673 | Orc:1    | Bought a scroll of enchant armour for 105 gold pieces
 42673 | Orc:1    | Bought a scroll of identify for 28 gold pieces
 42673 | Orc:1    | Bought a scroll of teleportation for 42 gold pieces
 42816 | D:6      | Bought 3 scrolls of teleportation for 225 gold pieces
 42816 | D:6      | Bought a scroll labeled NOGAMA QIDUSE for 25 gold pieces
 42816 | D:6      | Bought a copper wand for 100 gold pieces
 43078 | Swamp:1  | Entered Level 1 of the Swamp
 43183 | Snake:1  | Entered Level 1 of the Snake Pit
 43277 | Lair:4   | Reached XP level 17. HP: 110/110 MP: 17/17
 44013 | Snake:1  | Noticed Aizul
 44040 | Snake:1  | Killed Aizul
 44236 | Snake:2  | Reached skill level 14 in Fighting
 44252 | Snake:2  | Reached skill level 16 in Axes
 44386 | Snake:2  | Reached skill level 14 in Armour
 44593 | Snake:2  | Reached skill level 14 in Shields
 45579 | Snake:3  | Noticed Nikola
 45596 | Snake:3  | Killed Nikola
 46622 | Snake:4  | Entered Level 4 of the Snake Pit
 46742 | Snake:3  | Noticed Agnes
 46755 | Snake:3  | Killed Agnes
 46940 | Snake:4  | Reached XP level 18. HP: 117/117 MP: 18/18
 46967 | Snake:4  | Noticed Mara
 46969 | Snake:4  | Noticed syranez's illusion
 47092 | Snake:4  | Noticed syranez's illusion
 47229 | Snake:4  | Killed Mara
 48979 | Snake:4  | Reached skill level 17 in Axes
 49398 | Snake:4  | Reached skill level 15 in Fighting
 49529 | Snake:4  | Got a serpentine rune of Zot
 50811 | Swamp:1  | Reached skill level 15 in Armour
 50811 | Swamp:1  | Reached skill level 15 in Shields
 51156 | Swamp:2  | Identified a scroll of acquirement
 51171 | Swamp:2  | Got a transparent plate armour
 51177 | Swamp:2  | Identified the +0 plate armour "Raerera" {Dex+6} (You
                  | acquired it on level 2 of the Swamp)
 51376 | Swamp:2  | Reached skill level 1 in Stealth
 51667 | Swamp:2  | Reached skill level 1 in Dodging
 51901 | Swamp:2  | Reached XP level 19. HP: 118/124 MP: 19/19
 51942 | Swamp:2  | Reached skill level 2 in Stealth
 52639 | Swamp:3  | Noticed a tentacled monstrosity
 52669 | Swamp:3  | Killed a tentacled monstrosity
 53031 | Swamp:4  | Entered Level 4 of the Swamp
 53059 | Swamp:4  | Reached skill level 2 in Dodging
 53255 | Swamp:4  | Reached skill level 3 in Stealth
 54057 | Swamp:4  | Got a decaying rune of Zot
 54080 | Swamp:4  | Reached skill level 4 in Stealth
 54230 | Swamp:4  | Noticed Louise
 54247 | Swamp:4  | Killed Louise
 55059 | Orc:2    | Bought the cursed ring of Hedonism {rN+ MR+ Int+3 Dex-3}
                  | for 215 gold pieces
 55284 | Vaults:1 | Entered Level 1 of the Vaults
 55299 | Vaults:1 | Reached skill level 3 in Dodging
 55435 | Vaults:1 | Found Saviwk's Antique Weapon Boutique.
 56395 | Vaults:1 | Identified Quox's Almanac of Boosting Black Magic
 56443 | Vaults:1 | Reached skill level 5 in Stealth
 57024 | Vaults:1 | Reached skill level 18 in Axes
 57606 | Vaults:2 | Noticed Mennas
 57895 | Vaults:2 | Noticed Sojobo
 57922 | Vaults:2 | Reached skill level 4 in Dodging
 57924 | Vaults:2 | Reached XP level 20. HP: 112/131 MP: 20/20
 58161 | Vaults:2 | Reached skill level 6 in Stealth
 58340 | Vaults:2 | Reached skill level 16 in Fighting
 58752 | Vaults:2 | Reached skill level 16 in Armour
 58783 | Vaults:2 | Reached skill level 7 in Stealth
 59011 | Vaults:2 | Killed Mennas
 59011 | Vaults:2 | Reached skill level 5 in Dodging
 59526 | Vaults:2 | Noticed Asterion
 59562 | Vaults:2 | Gained mutation: Your spells are a little easier to cast,
                  | but a little less powerful. [a cacodemon]
 59581 | Vaults:2 | Gained mutation: Armour fits poorly on your strangely
                  | shaped body. [a cacodemon]
 59746 | Vaults:2 | Killed Sojobo
 60151 | Vaults:2 | Found Maoreotz's Antique Weapon Shoppe.
 60652 | Vaults:2 | Reached skill level 8 in Stealth
 60982 | Vaults:2 | Killed Asterion
 61296 | Vaults:2 | Found Maoreotz's Antique Weapon Shoppe.
 61932 | Vaults:3 | Reached skill level 6 in Dodging
 62490 | Vaults:3 | Reached skill level 9 in Stealth
 62505 | Vaults:3 | Reached XP level 21. HP: 128/137 MP: 21/21
 62839 | Vaults:3 | Found a staircase to the Crypt.
 63869 | Vaults:3 | Found a staircase to the Crypt.
 64944 | Vaults:4 | Reached skill level 17 in Fighting
 65254 | Vaults:4 | Reached skill level 10 in Stealth
 65266 | Vaults:4 | Reached skill level 7 in Dodging
 65275 | Vaults:4 | Reached skill level 17 in Armour
 67183 | Elf:1    | Entered Level 1 of the Elven Halls
 67347 | Elf:1    | Reached skill level 11 in Stealth
 67430 | Elf:1    | Found Pistreask's Gadget Boutique.
 67431 | Elf:1    | Found Minots's Weapon Shop.
 67431 | Elf:1    | Found Inom's Antique Weapon Boutique.
 67436 | Elf:1    | Found Osilufomm's Food Shop.
 67736 | Elf:1    | Found a shimmering blue altar of Sif Muna.
 67825 | Elf:1    | Reached skill level 1 in Throwing
 67856 | Elf:1    | Identified the Reference Book on Arcane Weapons
 68470 | Elf:2    | Noticed Donald
 68479 | Elf:2    | Reached XP level 22. HP: 134/145 MP: 22/22
 68528 | Elf:2    | Killed Donald
 68547 | Elf:2    | Identified the ring of Jegaify {MR+ Str+6} (You found it on
                  | level 2 of the Elven Halls)
 68561 | Elf:2    | Found a glowing silver altar of Zin.
 68561 | Elf:2    | Found a white marble altar of Elyvilon.
 68562 | Elf:2    | Found a ruined gateway.
 68571 | Elf:2    | Found a glowing golden altar of the Shining One.
 68799 | Elf:2    | Reached skill level 8 in Dodging
 69130 | Elf:2    | Reached skill level 2 in Throwing
 69157 | Elf:2    | Noticed Roxanne
 69173 | Elf:2    | Killed Roxanne
 69359 | Elf:2    | Found a runed translucent gate.
 69359 | Elf:2    | Found a runed translucent gate.
 69361 | Elf:2    | Found a runed translucent gate.
 69790 | Elf:3    | Entered Level 3 of the Elven Halls
 69790 | Elf:3    | Noticed Saint Roka
 69830 | Elf:2    | Killed Saint Roka
 71006 | Elf:3    | Reached skill level 3 in Throwing
 71391 | Elf:3    | Reached skill level 12 in Stealth
 71640 | Elf:3    | Reached skill level 4 in Throwing
 71966 | Elf:3    | Identified the +8 short sword of Trauma {holy, +Fly rPois
                  | rF+}
 71976 | Elf:3    | Reached skill level 18 in Fighting
 72166 | Elf:3    | Noticed Bai Suzhen
 72192 | Elf:3    | Killed Bai Suzhen
 72192 | Elf:3    | Reached skill level 18 in Armour
 72205 | Elf:3    | Gained mutation: You are weak. (Str -2) [a neqoxec]
 72322 | Elf:3    | Reached skill level 9 in Dodging
 72561 | Elf:3    | Identified the ring of Prescription {rC+ Int+4 Stlth+} (You
                  | found it on level 3 of the Elven Halls)
 72603 | Elf:3    | Got a pitted plate armour
 72609 | Elf:3    | Identified the +13 plate armour of Egalitarianism {MR+}
                  | (You found it on level 3 of the Elven Halls)
 73031 | Depths:1 | Entered Level 1 of the Depths
 73274 | Depths:1 | Killed from afar by a frost giant (illusionary)

Levels and vault maps discovered:
D:1:      dpeg_arrival_tiny_g, layout_loops_ring
D:2:      layout_basic, serial_glass, glass_columns_a, glass_columns_a,
          uniq_natasha
D:3:      layout_rooms, first_ration, uniq_crazy_yiuf_cottage
D:4:      layout_loops_corners, minmay_temple_entry_slanted, uniq_eustachio,
          uniq_pikel
D:5:      layout_rooms, marbit_many_paths
D:6:      layout_rooms, serial_shops, shop, uniq_grinder
D:7:      layout_basic, cheibrodos_ashenzari_chains,
          nicolae_overflow_crystal_walls, the_bakery, makhleb_altar_promises_db
D:8:      layout_layer_cave, dpeg_lair_monsters, serial_shops,
          kennysheep_mini_moat, shop, tgw_xom
D:9:      layout_rooms, old_standard_altar, old_standard_altar, minivault_15,
          chequers_serial_rivers_micro_c, minmay_misc_feat_ornament,
          wad_dig_loot
D:10:     layout_basic, orc_david_3, serial_shops, nicolae_shop_crystal,
          nicolae_shop_trees, shop_statue
D:11:     layout_basic, uniq_snorg, uniq_nergalle, uniq_gastronok
D:12:     layout_gridville, uniq_erolcha, uniq_kirke
D:13:     layout_layer_cave, ximxim_vaults_locker_room
D:14:     regret_index_bee_streams, layout_long_grid, serial_park_square2,
          portal_ice_cave_entry_imps
D:15:     grunt_enter_depths_snipers, layout_irregular_city,
          ebering_ghost_reflecting_pool, minmay_tree_intersection
Temple:   minmay_temple_bridge_d
Lair:1:   layout_cave_pods, infiniplex_staircase_pool_2, uniq_sonja, uniq_joseph
Lair:2:   layout_cave_pods, st_stairs_9, grunt_megastairs_1
Lair:3:   lemuel_reptile_caves, layout_regular_city,
          gammafunk_ghost_wrathful_warriors
Lair:4:   layout_cave_shapes, minmay_swamp_entry_swarm,
          minmay_snake_entry_guardpost_small, infiniplex_staircase_pool,
          grunt_megastairs_3
Lair:5:   dragon1_lemuel, layout_loops_ring, slime_altar_2, grunt_megastairs_5
Lair:6:   minmay_lair_end_frog_pond, layout_layer_cave, uniq_nessos
Swamp:1:  layout_basic_swamp, nicolae_swamp_dense_foliage, swamp_pool3
Swamp:2:  layout_basic_swamp, nicolae_swamp_rocky_clearing, swamp_pool4,
          hangedman_swamp_lotus, nicolae_swamp_snake_nest
Swamp:3:  cheibrodos_swamp_monstrosity, layout_basic_swamp,
          evilmike_swamp_ruin_rubble_1
Swamp:4:  swamp_alternative, layout_basic_swamp, uniq_louise
Snake:1:  cheibrodos_forgotten_conduit, layout_misc_corridors, uniq_aizul
Snake:2:  layout_onion, serial_bayou_pond_c
Snake:3:  layout_misc_corridors, drop_trap, serial_bayou_shore_a, uniq_nikola,
          uniq_agnes
Snake:4:  minmay_snake_end_coiled, layout_onion, st_stairs_10, drop_trap,
          serial_bayou_pond_d, grunt_ministairs_7, guppyfry_library_mini,
          lemuel_fruit_tree, uniq_mara
Orc:1:    layout_caves, serial_shops, shop
Orc:2:    pubby_orc_utopia, uniq_azrael
Elf:1:    layout_geoelf_grid, minmay_elf_sorcery, fountainhead,
          lemuel_blue_sif_altar, minmay_shoptagon
Elf:2:    layout_geoelf_diagonals, portal_desolation_entry_holy_temple,
          fountainhead, uniq_donald, uniq_roxanne
Elf:3:    minmay_elf_hall_four_x, layout_geoelf_castle, uniq_saint_roka,
          uniq_bai_suzhen
Vaults:1: nicolae_vaults_network_s, v_misc_3, v_alt_pattern_6,
          hangedman_vaults_nails, serial_ice_h, nicolae_vaults_specimen_jars,
          dpeg_vaults_monster_box, layout_vaults_quadrants, serial_shops, shop
Vaults:2: hangedman_vaults_slice, v_misc_16, nicolae_vaults_three_branches,
          nicolae_vaults_alarming, ontoclasm_vaults_twist, vaults_dpeg_diagonal,
          vaults_room_large_hall, vaults_room_grunt_arrival_checkpoint,
          v_misc_17, grunt_vaults_bifocal, nicolae_vaults_network_barrier,
          st_lattice, v_misc_12, v_alt_pattern_3, layout_vaults_maze_bifur,
          serial_shops, nicolae_shop_behind_doors, uniq_sojobo, uniq_asterion,
          uniq_mennas
Vaults:3: v_misc_5, blue_anna_dwarven_crypt, nicolae_vaults_twisting_passages,
          nicolae_vaults_hallways_thing, grunt_vaults_diagonal,
          ontoclasm_vaults_eye, vaults_room_pool, layout_vaults_chaotic_city
Vaults:4: vaults_dpeg_spiral, nicolae_vaults_little_squares_2,
          nicolae_vaults_mini_display_case, v_misc_30, vaults_mumra_lcd,
          hangedman_vaults_hat, nicolae_vaults_angled_halls,
          hangedman_vaults_cutoff, v_alt_pattern_1, v_misc_9,
          hangedman_vaults_cutoff, special_room_vaults [special_room_orc],
          ontoclasm_vaults_decontamination, nicolae_vaults_diagonal_hallway_6,
          layout_vaults_omnicross
Depths:1: layout_basic, minmay_misc_feat_secret_circle, hell_entry,
          serial_bayou_lagoon_b

Skill      XL: |  1  2  3  4  5  6  7  8  9 10 11 12 13 14 15 16 17 18 19 20 21 22 |
---------------+-------------------------------------------------------------------+-----
Axes           | 2 3 4 5 6 8 9 10 11 12 13 14 15 16 17 18 | 18.0
Armour         | 4 5 6 7 8 9 10 11 12 13 14 15 16 17 18 | 18.1
Shields        | 4 5 6 7 8 9 10 11 12 13 14 15 | 15.0
Fighting       | 4 5 6 7 8 9 10 11 12 13 14 15 16 17 18 | 18.1
Stealth        | 1 5 9 11 12 | 12.5
Dodging        | 1 4 6 7 9 |  9.1
Throwing       | 1 4 |  4.8

Action                   |  1- 3 |  4- 6 |  7- 9 | 10-12 | 13-15 | 16-18 | 19-21 | 22-24 || total
-------------------------+-------+-------+-------+-------+-------+-------+-------+-------++-------
Melee: War axe           |    43 |   124 |   388 |   187 |  1250 |       |       |       ||  1992
       Short sword       |    51 |   100 |    35 |  1266 |   356 |    11 |       |       ||  1819
       Broad axe         |       |       |       |       |   366 |  1845 |  1805 |   606 ||  4622
       Scimitar          |       |       |       |       |       |    18 |    72 |       ||    90
       Demon blade       |       |       |       |       |       |     1 |       |       ||     1
Throw: Stone             |    20 |    91 |    52 |   276 |   176 |       |       |       ||   615
       Dart              |       |       |       |    13 |       |       |       |       ||    13
       Javelin           |       |       |       |       |    95 |       |       |       ||    95
       Boomerang         |       |       |       |       |    47 |    75 |    19 |     9 ||   150
Invok: Sacrifice Love    |       |       |     1 |       |       |       |       |       ||     1
       Sacrifice Skill   |       |       |       |     1 |       |       |       |       ||     1
       Sacrifice Resista |       |       |       |     1 |       |       |       |       ||     1
       Sacrifice Arcana  |       |       |       |     1 |       |       |       |       ||     1
       Draw Out Power    |       |       |       |       |     1 |       |       |       ||     1
 Abil: Fly               |       |       |       |       |     1 |       |       |       ||     1
Evoke: Wand              |       |     1 |    15 |     3 |    20 |     5 |     2 |     2 ||    48
       Lamp of fire      |       |       |       |     1 |     2 |     1 |     1 |     2 ||     7
       Lightning rod     |       |       |       |       |    10 |     4 |     3 |       ||    17
  Use: Potion            |       |     2 |       |     4 |       |     1 |     1 |     2 ||    10
       Scroll            |       |     8 |    11 |     8 |    13 |    15 |    10 |    12 ||    77
 Stab: Paralysed         |       |     4 |       |    10 |    14 |     7 |     7 |     2 ||    44
       Distracted        |       |       |       |     9 |    11 |     5 |     4 |     4 ||    33
       Invisible         |       |       |       |     8 |    13 |    10 |     6 |     1 ||    38
       Confused          |       |       |       |       |     2 |       |     1 |       ||     3
  Eat: Chunk             |       |     7 |    10 |    33 |    28 |    30 |    28 |     8 ||   144
       Ration            |       |     1 |     2 |     2 |     8 |     6 |     8 |     2 ||    29
Armor: Scale mail        |    45 |   136 |   155 |       |       |       |       |       ||   336
       Pearl dragon scal |       |       |    58 |   593 |   518 |       |       |       ||  1169
       Plate armour      |       |       |       |       |   423 |   725 |   745 |   224 ||  2117
Dodge: Dodged            |    18 |    65 |   106 |   260 |   403 |   245 |   373 |   136 ||  1606
Block: Shield            |    32 |   146 |   196 |   608 |  1033 |  1004 |   998 |   285 ||  4302
       Reflection        |       |       |       |       |       |    63 |    64 |    24 ||   151
       Rpst.: Scimitar   |       |       |       |       |       |     1 |     6 |       ||     7
